 Dungeon Crawl Stone Soup version 0.27-a0-909-g0721f309d1 (webtiles) character file.

Game seed: 8556583740072206655

8 Alarkh the Insei (level 2, 19/22 HPs)
             Began as a Demonspawn Gladiator on Apr 8, 2021.
             Got out of the dungeon alive.
             The game lasted 00:00:11 (210 turns).

Alarkh the Insei (Demonspawn Gladiator)              Turns: 210, Time: 00:00:12

Health: 19/22      AC:  4    Str: 14    XL:     2   Next: 0%
Magic:  2/2        EV: 12    Int:  9    God:
Gold:   0          SH:  0    Dex: 14    Spells: 1/1 levels left

rFire    . . .     SeeInvis .     - Unarmed
rCold    . . .     Faith    .   (no shield)
rNeg     . . .     Spirit   .   a - +0 leather armour
rPois    .         Reflect  .   b - +0 helmet
rElec    .         Harm     .   (no cloak)
rCorr    .         Rampage  .   (no gloves)
Will     .....                  (no boots)
Stlth    +.........             (no amulet)
HPRegen  0.07/turn              (no ring)
MPRegen  0.08/turn              (no ring)

@: no status effects
A: ignite blood 1
a: no special abilities


You escaped.
You visited 1 branch of the dungeon, and saw 1 of its levels.

Inventory:

Missiles
 c - 3 throwing nets (quivered)
Armour
 a - a +0 leather armour (worn)
 b - a +0 helmet (worn)


   Skills:
 + Level 2.2 Fighting
 - Level 1.7 Throwing
 - Level 2.6 Dodging
 * Level 3.1 Unarmed Combat


You had one spell level left.
You didn't know any spells.
Your spell library was empty.

Dungeon Overview and Level Annotations

Branches:
Dungeon (1/15)

Altars:


Innate Abilities, Weirdness & Mutations

Your demonic aura sometimes causes spilled blood to erupt in flames


Message History

You hit the rat.
You kill the rat!
No target in view!
No target in view!
No target in view!
No target in view!
No target in view!
No target in view!
No target in view!
No target in view!
No target in view!
Found 27 stones.
Found a stone staircase leading down.
No target in view!
You open the door.
There is an open door here.
A ball python comes into view.
A ball python is nearby!
A ball python is nearby!
The ball python hisses angrily.
The ball python bites you but does no damage.
The ball python grabs you. The ball python constricts you.
You hit the ball python.
The ball python is moderately wounded.
The ball python barely misses you. The ball python constricts you.
You punch the ball python!
You kill the ball python!
You have reached level 2!
Your demonic ancestry asserts itself...
Your blood heats up.
There is an open door here.
You open the door.
There is an open door here.
You see here a jackal corpse.
There is an open door here.
There is an open door here.
There is an open door here.
There is a staircase leading out of the dungeon here.
Are you sure you want to leave the Dungeon?
This will make you lose the game!
You have escaped!

........###..........
...................#.
..............†....#
...................#
#.......#####†######
#############.######.
#PPP..........
#####P8..#..######
#@.##PPP.#.....
#..#####.#.......
#'##...'.#........
#..'.♣.#.#........
##.#...#.#........
#.#####.#........ ###
..# ... ###


There were no monsters in sight!

Vanquished Creatures
  A dart slug (D:1)
  3 jackals (D:1)
  A ball python (D:1)
  A rat (D:1)
6 creatures vanquished.

Notes
Turn   | Place    | Note
-------+----------+-------------------------------------------
     0 | D:1      | Alarkh the Demonspawn Gladiator began the quest for the
                  | Orb.
     0 | D:1      | Reached XP level 1. HP: 16/16 MP: 1/1
    38 | D:1      | Reached skill level 3 in Unarmed Combat
   174 | D:1      | Gained mutation: Your demonic aura sometimes causes spilled
                  | blood to erupt in flames [demonic ancestry]
   174 | D:1      | Reached XP level 2. HP: 17/22 MP: 2/2
   210 | D:$      | Got out of the dungeon alive.

Illustrated notes

Levels and vault maps discovered:
D:1:      sevenhm_arrival_forest_fort_small_3, layout_basic, serial_glass,
          glass_columns_b, glass_columns_b, serial_shops, nicolae_shop_stone,
          shop, nicolae_shop_trees, minmay_splitting_lines

Skill      XL: |  1 |
---------------+----+-----
Unarmed Combat | 3 |  3.1
Fighting       | |  2.2
Throwing       | |  1.7
Dodging        | |  2.6

Action                   || total
-------------------------++-------
Melee: Unarmed           ||    16
Armor: Leather armour    ||     9
Dodge: Dodged            ||    23

Table legend: (Time is in decaauts)
 A = Elapsed time spent in this place.
 B = Non-inter-level travel time spent in this place.
 C = Inter-level travel time spent in this place.
 D = Time resting spent in this place.
 E = Time spent auto-exploring this place.
 F = Levels seen in this place.
 G = Mean time per level.
                   A        B        C        D        E       F      G
               +--------+--------+--------+--------+--------+-----+--------+
         Total |    209 |    174 |     35 |    102 |     39 |   1 |  209.0 |
       Dungeon |    209 |    174 |     35 |    102 |     39 |   1 |  209.0 |
               +--------+--------+--------+--------+--------+-----+--------+

Top non-repeatable levels by time:
     D:1: 209 daAuts
